 Dungeon Crawl Stone Soup version 0.20.0-15-g7f486f2 (webtiles) character file.

156 Cral the Cudgeler (level 5, 0/41 HPs)
             Began as a Demonspawn Fighter on June 22, 2017.
             Slain by a jelly (3 damage)
             ... on level 2 of the Dungeon.
             The game lasted 00:03:19 (2344 turns).

Cral the Cudgeler (Demonspawn Fighter)              Turns: 2344, Time: 00:03:19

Health: 0/41       AC:  0    Str: 22    XL:     5   Next: 15%
Magic:  5/5        EV:  7    Int: 10    God:
Gold:   100        SH:  9    Dex: 12    Spells: 4/4 levels left

rFire    . . .     SeeInvis .   a - +0 flail
rCold    . . .     Gourm    .   c - +0 shield
rNeg     . . .     Faith    .   b - +0 scale mail
rPois    .         Spirit   .   (no helmet)
rElec    .         Reflect  .   (no cloak)
rCorr    .         Harm     .   (no gloves)
MR       .....                  (no boots)
Stlth    ..........             (no amulet)
Regen    0.2/turn               (no ring)
MPRegen  0.1/turn               (no ring)

@: mighty, corroded
A: hooves 1, icy blue scales 1, powered by pain 1
a: no special abilities


You were on level 2 of the Dungeon.
You were very hungry.

You visited 1 branch of the dungeon, and saw 2 of its levels.

You collected 100 gold pieces.

Inventory:

Hand Weapons
 a - a +0 flail (weapon)
Armour
 b - a +0 scale mail (worn)
 c - a +0 shield (worn)
Jewellery
 n - an uncursed ring of magical power {unknown}
Scrolls
 e - 4 scrolls of teleportation {unknown}
 i - a scroll of remove curse {unknown}
 j - a scroll of identify {unknown}
 k - a scroll of amnesia {unknown}
 l - 2 scrolls of enchant armour {unknown}
Potions
 d - a potion of might
 m - a potion of flight {unknown}
 o - a potion of berserk rage {unknown}
 p - 2 potions of resistance {unknown}
 r - a potion of lignification {unknown}
Comestibles
 f - a bread ration
 g - 6 fruits
 h - 2 royal jellies
 q - a meat ration


   Skills:
 - Level 3.0 Fighting
 + Level 4.9 Maces & Flails
 - Level 2.6 Armour
 - Level 2.6 Shields


You had 4 spell levels left.
You didn't know any spells.

Dungeon Overview and Level Annotations

Branches:
Dungeon (2/15)

Altars:


Innate Abilities, Weirdness & Mutations

You have large cloven feet.
You are partially covered in icy blue scales. (AC +2)
You sometimes gain a little power by taking damage.


Message History

* * * LOW HITPOINT WARNING * * *
The ooze hits you.
* * * LOW HITPOINT WARNING * * *
You block the ooze's attack. The ooze hits you.
* * * LOW HITPOINT WARNING * * *
The ooze hits you.
* * * LOW HITPOINT WARNING * * *
You block the ooze's attack. You block the ooze's attack.
You see here a goblin skeleton.
You bludgeon the ooze!!
You kill the ooze!
The jelly barely misses you. The ooze hits you.
* * * LOW HITPOINT WARNING * * *
You block the jelly's attack. The ooze misses you. You block the ooze's attack.
The jelly barely misses you. The jelly hits you.
You die...

#.# #)##.##.## ###
##........
##############.##.##
#..÷..P..?####.##.##
#.......÷.##......##
#......÷..####.####
#.÷.P..÷..# #.###
#.P.J.....# #...#
#÷.@J.....####...###
##'#########.......#
##.†)..(######....#
########(##........
#....'..###........
#..(.######........
#####.......##.###....#
#..##.......##.# #....#
#.###.......######..#.#


You could see a jelly and an ooze.

Vanquished Creatures
  A jelly (D:2)
  4 adders (D:2)
  5 oozes (D:2)
  A dart slug (D:1)
  A leopard gecko (D:1)
  A ball python (D:2)
  4 giant cockroaches
  4 goblins
  7 hobgoblins
  4 jackals (D:2)
  9 bats
  13 frilled lizards
  10 kobolds
  6 rats
70 creatures vanquished.

Vanquished Creatures (others)
  2 fungi (D:2)
  11 toadstools (D:2)
13 creatures vanquished.

Grand Total: 83 creatures vanquished

Notes
Turn   | Place    | Note
-------+----------+-------------------------------------------
     0 | D:1      | Cral the Demonspawn Fighter began the quest for the Orb.
     0 | D:1      | Reached XP level 1. HP: 18/18 MP: 1/1
    45 | D:1      | Reached skill level 2 in Maces & Flails
   336 | D:1      | Gained mutation: You are partially covered in icy blue scales. (AC +2) [demonic ancestry]
   336 | D:1      | Reached XP level 2. HP: 20/24 MP: 2/2
   478 | D:1      | Reached skill level 3 in Maces & Flails
   895 | D:2      | Gained mutation: You have large cloven feet. [demonic ancestry]
   895 | D:2      | Reached XP level 3. HP: 29/29 MP: 3/3
  1571 | D:2      | Reached skill level 4 in Maces & Flails
  1571 | D:2      | Gained mutation: You sometimes gain a little power by taking damage. [demonic ancestry]
  1571 | D:2      | Reached XP level 4. HP: 34/35 MP: 4/4
  2097 | D:2      | Reached XP level 5. HP: 28/41 MP: 5/5
  2130 | D:2      | HP: 1/41 [acid (9)]
  2340 | D:2      | HP: 2/41 [ooze (3)]
  2344 | D:2      | Slain by a jelly

Skill      XL: |  1  2  3 |
---------------+----------+-----
Maces & Flails | 2 3 4 |  4.9
Fighting       | |  3.0
Armour         | |  2.6
Shields        | |  2.6

Action                   |  1- 3 |  4- 6 || total
-------------------------+-------+-------++-------
Melee: Flail             |   180 |    88 ||   268
       Kick              |    13 |    16 ||    29
  Eat: Chunk             |     2 |     2 ||     4
Armor: Scale mail        |    86 |    52 ||   138
Dodge: Dodged            |    52 |    26 ||    78
Block: Shield            |   103 |    47 ||   150
